 Dungeon Crawl Stone Soup version 0.23.2-30-g0e89c35 (webtiles) character file.

Game seed: 1180226749029781148

105 Fortress the Firebug (level 4, -5/33 HPs)
             Began as a Draconian Fire Elementalist on June 12, 2019.
             Killed from afar by an electric eel (13 damage)
             ... with a bolt of electricity
             ... on level 3 of the Dungeon.
             The game lasted 00:10:46 (2001 turns).

Fortress the Firebug (Draconian Fire Elementalist)  Turns: 2001, Time: 00:10:46

Health: -5/33      AC:  9    Str: 10    XL:     4   Next: 53%
Magic:  7/8        EV: 12    Int: 16    God:
Gold:   94         SH:  0    Dex: 12    Spells: 7/8 levels left

rFire    . . .     SeeInvis .   e - +3 short sword
rCold    . . .     Gourm    .   (no shield)
rNeg     . . .     Faith    .   (armour unavailable)
rPois    .         Spirit   .   (helmet restricted)
rElec    .         Reflect  .   c - +0 cloak
rCorr    .         Harm     .   l - +2 pair of gloves
MR       .....                  (no boots)
Stlth    ++........             (no amulet)
HPRegen  0.11/turn              (no ring)
MPRegen  0.11/turn              (no ring)

@: no status effects
A: unfitting armour, cold-blooded, AC +5
a: no special abilities


You were on level 3 of the Dungeon.
You were very hungry.

You visited 1 branch of the dungeon, and saw 3 of its levels.

You collected 94 gold pieces.

Inventory:

Hand Weapons
 e - a +3 short sword (weapon)
 p - a +1 dagger of protection
Missiles
 d - 66 stones (quivered)
Armour
 c - a +0 cloak (worn)
 l - a +2 pair of gloves (worn)
Wands
 r - a wand of flame (15)
Scrolls
 f - 2 scrolls of teleportation {unknown}
 h - a scroll of fear {unknown}
 j - 3 scrolls of noise {unknown}
 k - 3 scrolls of identify {unknown}
 o - a scroll of enchant armour {unknown}
 q - 3 scrolls of remove curse {unknown}
Potions
 a - a potion of resistance {unknown}
 g - a potion of invisibility {unknown}
 i - a potion of berserk rage {unknown}
 m - a potion of magic {unknown}
 n - a potion of brilliance {unknown}
Comestibles
 b - 7 rations


   Skills:
 - Level 2.0 Dodging
 - Level 2.0 Stealth
 + Level 2.9 Spellcasting
 + Level 2.1 Conjurations
 + Level 4.0 Fire Magic


You had 7 spell levels left.
You knew the following spells:

 Your Spells              Type           Power        Failure   Level  Hunger
a - Flame Tongue          Conj/Fire      ##...        5%          1    #......

Your spell library contained the following spells:

 Spells                   Type           Power        Failure   Level  Hunger
 Throw Flame              Conj/Fire      ##....       8%          2    ##.....
 Conjure Flame            Conj/Fire      ##......     16%         3    ###....
 Inner Flame              Hex/Fire       #.......     24%         3    ###....
 Sticky Flame             Conj/Fire      ##......     45%         4    #####..
 Fireball                 Conj/Fire      ##........   82%         5    ######.


Dungeon Overview and Level Annotations

Branches:
Dungeon (3/15)

Altars:
Ashenzari

Annotations:
D:3 1 transporter


Innate Abilities, Weirdness & Mutations

Your plain brown scales are hard. (AC +5)
You cannot fit into any form of body armour.
You are cold-blooded and may be slowed by cold attacks.


Message History

The electric eel shoots out a bolt of lightning at you!
The bolt of electricity misses you. x2; The bolt of electricity hits the plant!
The electric eel shoots out a bolt of lightning at you!
The bolt of electricity hits you! The bolt of electricity misses you.
There is an open door here.
Casting: Flame Tongue (safe; 5% risk of failure)
Confirm with . or Enter, or press ? or * to list all spells.
Aiming: Flame Tongue (safe; 5% risk of failure)
Press: ? - help, Shift-Dir - straight line, f - electric eel
Aim: an electric eel The flame tongue hits the electric eel.
The electric eel is lightly wounded.
The electric eel shoots out a bolt of lightning at you!
The bolt of electricity hits you. The bolt of electricity hits you!
* * * LOW HITPOINT WARNING * * *
The bolt of electricity hits the plant!
The electric eel is engulfed in a cloud of scalding steam.
The electric eel shoots out a bolt of lightning at you!
The bolt of electricity misses you. The bolt of electricity hits you!
You die...

##### #....
################### #.###
#.................# ###'###
#.###############.# #......
#.#8P#≈≈≈≈≈;;#P8#.## #.....^
..#..#PP≈≈≈..#..#..## #......
.©#©/+≈P≈⌠≈..@.©#©..# #......
..#..#≈P≈≈≈..#..#...# #.....)
#.#8P#≈≈≈≈≈≈≈#P8#...######'#..
#.###############..........#.#
........................
...............#.#.#.#.#
........................
.###############.##+##.# ..#
..


You could see 2 electric eels.

Vanquished Creatures
  4 adders (D:2)
  3 dart slugs
  3 leopard geckos
  3 giant cockroaches (D:1)
  9 goblins
  4 hobgoblins
  5 jackals
  A quokka (D:2)
  2 ball pythons (D:2)
  7 bats
  3 frilled lizards
  3 kobolds
  14 rats
61 creatures vanquished.

Notes
Turn   | Place    | Note
-------+----------+-------------------------------------------
     0 | D:1      | Fortress the Draconian Fire Elementalist began the quest
                  | for the Orb.
     0 | D:1      | Reached XP level 1. HP: 14/14 MP: 3/3
   173 | D:1      | Reached XP level 2. HP: 14/20 MP: 0/5
   455 | D:1      | Reached XP level 3. HP: 26/26 MP: 1/6
   559 | D:1      | Found a shattered altar of Ashenzari.
  1093 | D:2      | Reached XP level 4. HP: 33/33 MP: 4/8
  1106 | D:2      | Reached skill level 4 in Fire Magic
  1957 | D:3      | Found a transporter.
  1978 | D:3      | Found a transporter.
  2001 | D:3      | Killed from afar by an electric eel

Skill      XL: |  1  2  3  4 |
---------------+-------------+-----
Dodging        | 2 |  2.0
Stealth        | 2 |  2.0
Fire Magic     | 4 |  4.0
Conjurations   | 2 |  2.1
Spellcasting   | |  2.9

Action                   |  1- 3 |  4- 6 || total
-------------------------+-------+-------++-------
Melee: Unarmed           |    25 |       ||    25
       Tailslap          |     5 |       ||     5
       Short sword       |    30 |     8 ||    38
Throw: Stone             |     2 |       ||     2
 Cast: Flame Tongue      |    53 |    32 ||    85
  Eat: Chunk             |     1 |     2 ||     3
Armor: Skin              |    32 |     7 ||    39
Dodge: Dodged            |    47 |    17 ||    64
